 Dungeon Crawl Stone Soup version 0.29-a0-506-ga2e7fffb44 (webtiles) character file.

Game seed: 1866328214223585221

71 jlumianski the Firebug (level 3, 0/26 HPs)
             Began as a Demigod Fire Elementalist on May 28, 2022.
             Slain by a gnoll
             ... wielding a +0 whip
              (8 damage)
             ... on level 2 of the Dungeon.
             The game lasted 00:09:30 (1946 turns).

jlumianski the Firebug (Demigod Fire Elementalist)  Turns: 1946, Time: 00:09:30

Health: 0/26       AC:  2    Str:  9    XL:     3   Next: 79%
Magic:  7/9        EV: 12    Int: 21    God:
Gold:   69         SH:  0    Dex: 14    Spells: 3/6 levels left

rFire   . . .      SeeInvis .   c - +2 dagger (elec)
rCold   . . .      Faith    .   (no shield)
rNeg    . . .      Spirit   .   a - +0 robe
rPois   .          Reflect  .   (no helmet)
rElec   .          Harm     .   (no cloak)
rCorr   .          Rampage  .   (no gloves)
Will    .....                   (no boots)
Stlth   ++........              (no amulet)
HPRegen 0.08/turn               (no ring)
MPRegen 0.11/turn               (no ring)

@: no status effects
A: high MP 1, forlorn, divine attributes
a: no special abilities


You were on level 2 of the Dungeon.
You visited 1 branch of the dungeon, and saw 2 of its levels.

You collected 69 gold pieces.

Inventory:

Hand Weapons
 c - a +2 dagger of electrocution (weapon)
Missiles
 h - 23 stones
Armour
 a - a +0 robe (worn)
Scrolls
 d - a scroll of torment {unknown}
 g - a scroll of blinking {unknown}
 i - a scroll of teleportation
 j - a scroll of poison {unknown}
Potions
 b - a potion of magic
 f - a potion of curing {unknown}


   Skills:
 + Level 0.6 Short Blades
 + Level 2.0 Dodging
 + Level 1.9 Stealth
 + Level 2.3 Spellcasting
 + Level 1.2 Conjurations
 + Level 3.6 Fire Magic


You had 3 spell levels left.
You knew the following spells:

 Your Spells              Type           Power      Damage    Failure   Level
a - Foxfire               Conj/Fire      48%        2x1d6     5%          1
b - Scorch                Fire           34%        2d6       4%          2

Your spell library contained the following spells:

 Spells                   Type           Power      Damage    Failure   Level
 Conjure Flame            Conj/Fire      12%        6-21      16%         3
 Inner Flame              Hex/Fire       10%        N/A       21%         3
 Flame Wave               Conj/Fire      12%        2d6       45%         4


Dungeon Overview and Level Annotations

Branches:
Dungeon (2/15)


Innate Abilities, Weirdness & Mutations

You have an increased reservoir of magic. (+10% MP)
You shall have no god before yourself.
Your divine heritage dramatically boosts your attributes as you level up.


Message History

There is an open door here.
Found a stone staircase leading down.
The frilled lizard bites you.
You hit the frilled lizard.
You kill the frilled lizard!
A gnoll comes into view. It is wielding a +0 whip.
The gnoll shouts!
You see here a frilled lizard corpse.
A gnoll comes into view. It is wielding a +0 whip.
The gnoll shouts!
Casting: Foxfire (safe; 5% risk of failure)
Confirm with . or Enter, or press ? or * to list all spells.
You miscast Foxfire.
You are very lightly contaminated with residual magic.
Nothing appears to happen.
Casting: Foxfire (safe; 5% risk of failure)
Confirm with . or Enter, or press ? or * to list all spells.
You conjure some foxfire!
A gnoll comes into view. It is wielding a +0 whip.
The foxfire hits the gnoll.
The gnoll is lightly wounded.
The foxfire hits the gnoll but does no damage.
The gnoll is lightly wounded.
You see here a frilled lizard corpse.
There is an open door here.
The gnoll attacks as you move away! The gnoll barely misses you.
Your magical contamination has completely faded away.
The gnoll attacks as you move away! The gnoll closely misses you.
Casting: Foxfire (safe; 5% risk of failure)
Confirm with . or Enter, or press ? or * to list all spells.
You conjure some foxfire!
The gnoll barely misses you.
The foxfire hits the gnoll.
The gnoll is moderately wounded.
The foxfire hits the gnoll but does no damage.
The gnoll is moderately wounded.
The gnoll attacks as you move away! The gnoll hits you with a +0 whip.
The gnoll attacks as you move away! The gnoll hits you with a +0 whip.
The gnoll attacks as you move away! The gnoll hits you with a +0 whip!
There is a stone staircase leading up here.
The gnoll hits you with a +0 whip!
You die...

#'###
#....######
#.........#
#.........#
#...g.....#
#......†..###.#
#.....g.......#
#'#####'#######
#.......# #@#
#.......#####g#
#.......g.g...#
#'####..#######
#.# #..# ##.#
#.†#######
##..#
#........#
##...#
#.######.#
#....# #.# #.#


You could see a gnoll.

Vanquished Creatures
  Natasha (D:2)
  An adder (D:2)
  2 ball pythons
  5 bats (D:1)
  3 endoplasms
  7 goblins
  A hobgoblin (D:1)
  3 jackals (D:1)
  A quokka (D:2)
  4 frilled lizards
  3 kobolds
  4 rats
35 creatures vanquished.

Vanquished Creatures (others)
  65 foxfires
  A plant (D:1)
66 creatures vanquished.

Grand Total: 101 creatures vanquished

Notes
Turn   | Place    | Note
-------+----------+-------------------------------------------
     0 | D:1      | jlumianski the Demigod Fire Elementalist began the quest
                  | for the Orb.
     0 | D:1      | Reached XP level 1. HP: 14/14 MP: 5/5
   139 | D:1      | Reached skill level 3 in Fire Magic
   139 | D:1      | Upgraded the game from 0.29-a0-495-g17b79114eb to
                  | 0.29-a0-506-ga2e7fffb44
   473 | D:1      | Reached skill level 1 in Conjurations
   473 | D:1      | Reached XP level 2. HP: 19/20 MP: 4/7
   538 | D:1      | Learned a level 2 spell: Scorch
  1613 | D:2      | Reached XP level 3. HP: 16/26 MP: 8/8
  1777 | D:2      | Noticed Natasha
  1787 | D:2      | Killed Natasha
  1946 | D:2      | Slain by a gnoll

Illustrated notes

Levels and vault maps discovered:
D:1:      dpeg_arrival_subterranean_lakeside_camping, layout_basic,
          shapermc_ecumenical_altar_ellora, hangedman_decor_push,
          chequers_serial_rivers_room_b
D:2:      layout_basic, basic_altar, wad_orctagon, uniq_jessica, uniq_natasha,
          uniq_crazy_yiuf_cottage

Skill      XL: |  1  2  3 |
---------------+----------+-----
Fire Magic     | 3 |  3.6
Conjurations   | 1 |  1.2
Spellcasting   | 2 |  2.3
Dodging        | 2 |  2.0
Short Blades   | |  0.6
Stealth        | |  1.9

Action                   || total
-------------------------++-------
Melee: Unarmed           ||     5
       Dagger            ||    37
 Cast: Foxfire           ||    35
       Scorch            ||     2
  Use: Scroll            ||     3
Armor: Robe              ||    12
Dodge: Dodged            ||    35

Table legend: (Time is in decaauts)
 A = Elapsed time spent in this place.
 B = Non-inter-level travel time spent in this place.
 C = Inter-level travel time spent in this place.
 D = Time resting spent in this place.
 E = Time spent auto-exploring this place.
 F = Levels seen in this place.
 G = Mean time per level.
                   A        B        C        D        E       F      G
               +--------+--------+--------+--------+--------+-----+--------+
         Total |   1948 |   1885 |     63 |    188 |   1271 |   2 |  974.0 |
       Dungeon |   1948 |   1885 |     63 |    188 |   1271 |   2 |  974.0 |
               +--------+--------+--------+--------+--------+-----+--------+

Top non-repeatable levels by time:
     D:1: 1480 daAuts
     D:2: 467 daAuts
